 Dungeon Crawl Stone Soup version 0.15-a0-773-g3a4c672 (webtiles) character file.

27 4tharraofdagon the Gusty (level 2, -2/17 HPs)
             Began as a High Elf Air Elementalist on May 13, 2014.
             Slain by a worker ant (4 damage)
             ... on Level 5 of the Dungeon.
             The game lasted 00:02:07 (202 turns).

4tharraofdagon the Gusty (High Elf Air Elementalist) Turns: 202, Time: 00:02:08

HP  -2/17        AC  2     Str  7      XL: 2   Next: 93%
MP   0/7         EV 12     Int 18      God:
Gold 24          SH  0     Dex 15      Spells:  1 memorised,  6 levels left

rFire  . . .     SeeInvis .     f - +0,+4 dagger
rCold  . . .     Clarity  .     a - +0 robe
rNeg   . . .     Conserve .     (no shield)
rPois  .         rCorr    .     (no helmet)
rElec  .         rRot     .     (no cloak)
SustAb . .       Spirit   .     (no gloves)
rMut   .         Warding  .     (no boots)
Gourm  .         Stasis   .     (no amulet)
MR     .....                    (no ring)
                                (no ring)

@: lethally poisoned, not resistant to hostile enchantments, unstealthy
A: no striking features
a: no special abilities


You were on level 5 of the Dungeon.
You were not hungry.

You visited 1 branch of the dungeon, and saw 5 of its levels.

You collected 24 gold pieces.

Inventory:

Hand weapons
 f - a +0,+4 dagger (weapon)
Missiles
 h - 3 poisoned darts (quivered)
Armour
 a - a +0 robe (worn)
Comestibles
 c - 2 bread rations
Scrolls
 d - 2 scrolls of remove curse {unknown}
 e - a scroll of random uselessness {unknown}
Potions
 g - a potion of confusion {unknown}
Books
 b - a book of Air

   Spells                             Type                      Level
   *Shock                             Conjuration/Air              1
   Swiftness                          Charms/Air                   2
   Repel Missiles                     Charms/Air                   2
   Flight                             Charms/Air                   3
   Static Discharge                   Conjuration/Air              3
   Lightning Bolt                     Conjuration/Air              5


   Skills:
 - Level 2.1 Dodging
 - Level 2.1 Stealth
 + Level 3.0 Spellcasting
 - Level 1.1 Conjurations
 * Level 4.6 Air Magic


You had 6 spell levels left.
You knew the following spells:

 Your Spells              Type           Power        Failure   Level  Hunger
a - Shock                 Conj/Air       ##..         6%          1    None


Dungeon Overview and Level Annotations

Branches:
Dungeon (5/15)
 Temple: D:4-7

Altars:


Message History

* * * LOW HITPOINT WARNING * * *
Unknown command.
Casting: Shock
Confirm with . or Enter, or press ? or * to list all spells.
Aiming: Shock
Press: ? - help, Shift-Dir - straight line The zap misses the worker ant.
The zap hits the worker ant.
The worker ant is almost dead.
* * * LOW HITPOINT WARNING * * *
You feel sick.
The worker ant bites you but does no damage.
Unknown command.
Unknown command.
Casting: Shock
Confirm with . or Enter, or press ? or * to list all spells.
Aiming: Shock
Press: ? - help, Shift-Dir - straight line The zap misses the worker ant. x2
The worker ant bites you.
You die...

... ... . ... #.... (
#.##.#..... a....
#.##.#...... ........
#.).......... .!......#
#............#
.........#####............#
...............@####.......#
................a..........#
#.........##########.......#
............................#
#......<..##########.a.....#
#.........# #.......#
########### #.......#
#....... #......


You could see a worker ant.

Vanquished Creatures
  2 adders
  A ball python (D:1)
  A bat (D:1)
  A hobgoblin (D:1)
  2 kobolds
  A giant newt (D:1)
  A goblin (D:2)
  A rat (D:1)
10 creatures vanquished.

Notes
Turn   | Place    | Note
--------------------------------------------------------------
     0 | D:1      | 4tharraofdagon, the High Elf Air Elementalist, began the quest for the Orb.
     0 | D:1      | Reached XP level 1. HP: 11/11 MP: 4/4
    58 | D:1      | Reached skill level 4 in Air Magic
    99 | D:2      | Reached XP level 2. HP: 9/17 MP: 3/6
   178 | D:5      | Entered Level 5 of the Dungeon
   202 | D:5      | Slain by a worker ant

Action                   || total
-------------------------++-------
Melee: Unarmed           ||     2
 Cast: Shock             ||    18

Vault maps used:
D:1:      minmay_arrival_solitary_statue, hangedman_feature_mirror,
          minivault_19, serial_bayou_pond_a, grunt_decor_fettered,
          cheibriados_altar_1
D:2:      xom_teletrap_fun, lemuel_crystal_altar, grunt_temple_overflow_open,
          overflow_temple_1_default
D:3:      tso_oasis_becter, first_bread, nrook_loot_triangle
D:4:      kennysheep_goblin_castle, gammafunk_temple_overflow_statue,
          kennysheep_mini, minmay_temple_entry_statues
D:5:      kennysheep_little_box, basic_altar, serial_shops, nicolae_shop_stone,
          uniq_eustachio, uniq_natasha
